 Dungeon Crawl Stone Soup version 0.27-a0-385-g3208abaabc (webtiles) character file.

Game seed: 4768064208492904279

123508 paulo the Black Belt (level 16, -5/118 HPs)
             Began as an Octopode Transmuter on Feb 19, 2021.
             Was the Champion of Wu Jian.
             Killed from afar by a will-o-the-wisp (32 damage)
             ... with a foxfire
             ... on level 2 of the Swamp.
             The game lasted 01:07:30 (43487 turns).

paulo the Black Belt (Octopode Transmuter)         Turns: 43487, Time: 01:07:30

Health: -5/118     AC:  9    Str: 11    XL:     16   Next: 90%
Magic:  12/19      EV: 32    Int: 20    God:    Wu Jian [******]
Gold:   1650       SH:  5    Dex: 25    Spells: 6/19 levels left

rFire    . . .     SeeInvis .     - Unarmed
rCold    + . .     Faith    .   (shield currently unavailable)
rNeg     . . .     Spirit   .   G - +0 hat
rPois    +         Reflect  +   H - amulet of reflection
rElec    .         Harm     .   q - +6 ring of dexterity
rCorr    .         Rampage  .   j - +4 ring of evasion
Will     +....                  S - +4 ring of evasion
Stlth    +++.......             R - ring of protection from cold
HPRegen  0.29/turn              y - ring "Moibbazi" {rPois AC+4}
MPRegen  0.16/turn              D - +4 ring of protection
                                F - ring of wizardry
                                O - +6 ring of dexterity

@: about to teleport, blade tentacles, constricted
A: almost no armour, stealthy swim, amphibious, 8 rings, constrict 8, camouflage
1, gelatinous body 1
a: End Transformation, Renounce Religion, Wall Jump, Serpent's Lash, Heavenly
Storm


You were on level 2 of the Swamp.
You worshipped Wu Jian.
Wu Jian was exalted by your worship.
You had blades for tentacles.
You visited 5 branches of the dungeon, and saw 26 of its levels.

You collected 2158 gold pieces.
You spent 508 gold pieces at shops.

Inventory:

Armour
 G - a +0 hat (worn)
Jewellery
 d - a ring of magical power
 e - a +6 ring of intelligence
 j - a +4 ring of evasion (right scythe-like blade)
 m - a ring of resist corrosion
 q - a +6 ring of dexterity (left scythe-like blade)
 v - a ring of magical power
 y - the ring "Moibbazi" (on tentacle) {rPois AC+4}
   (You found it on level 7 of the Dungeon)

   [ring of protection]

   It affects your AC (+4).
   It protects you from poison.
 D - a +4 ring of protection (on tentacle)
 F - a ring of wizardry (on tentacle)
 H - an amulet of reflection (around mantle)
 K - a +6 ring of intelligence
 O - a +6 ring of dexterity (on tentacle)
 Q - a ring of willpower
 R - a ring of protection from cold (on tentacle)
 S - a +4 ring of evasion (on tentacle)
 T - a ring of magical power
Wands
 l - a wand of iceblast (51)
 r - a wand of random effects (26)
 x - a wand of acid (19)
 z - a wand of mindburst (61)
 L - a wand of charming (5)
 N - a wand of flame (43)
Scrolls
 b - 3 scrolls of amnesia
 h - 4 scrolls of fog
 i - 4 scrolls of enchant armour
 k - 6 scrolls of enchant weapon
 o - a scroll of summoning {unknown}
 p - 6 scrolls of identify
 C - 4 scrolls of magic mapping
 J - 2 scrolls of teleportation
 P - a scroll of vulnerability {unknown}
Potions
 a - 22 potions of curing
 c - 3 potions of resistance {unknown}
 f - 7 potions of flight
 g - 2 potions of magic
 n - a potion of heal wounds
 s - 3 potions of berserk rage
 t - 3 potions of lignification
 u - a potion of ambrosia {unknown}
 w - 8 potions of haste
 A - 3 potions of cancellation
 B - 3 potions of attraction {unknown}
 I - 2 potions of might {unknown}
 M - 5 potions of brilliance {unknown}
Miscellaneous
 E - a lightning rod (4/4)


   Skills:
 + Level 13.8 Fighting
 + Level 11.9 Dodging
 * Level 17.5 Unarmed Combat
 - Level 2.0 Spellcasting
 - Level 15.0 Transmutations


You had 6 spell levels left.
You knew the following spells:

 Your Spells              Type           Power        Failure   Level
a - Blade Hands           Tmut           29%          6%          5
b - Wereblood             Tmut           58%          2%          2
c - Ice Form              Ice/Tmut       32%          16%         4
d - Blink                 Tloc           N/A          34%         2

Your spell library contained the following spells:

 Spells                   Type           Power        Failure   Level
 Beastly Appendage        Tmut           100%         1%          1
 Passwall                 Tmut/Erth      26%          6%          2
 Spider Form              Tmut/Pois      16%          9%          3
 Petrify                  Tmut/Erth      32%          16%         4
 Magic Dart               Conj           8%           26%         1
 Sandblast                Erth           4%           26%         1
 Yara's Violent Unravell  Hex/Tmut       16%          32%         5
 Call Imp                 Summ           2%           34%         2
 Poisonous Vapours        Pois/Air       4%           34%         2
 Slow                     Hex            2%           34%         2
 Confusing Touch          Hex            2%           50%         3
 Conjure Flame            Conj/Fire      2%           50%         3
 Gell's Gravitas          Tloc           1%           50%         3
 Mephitic Cloud           Conj/Pois/Air  2%           50%         3
 Stone Arrow              Conj/Erth      4%           50%         3
 Lee's Rapid Deconstruct  Erth           1%           97%         5
 Metabolic Englaciation   Hex/Ice        1%           97%         5
 Freezing Cloud           Conj/Ice/Air   1%           100%        6


Dungeon Overview and Level Annotations

Branches:
Dungeon (15/15)            Temple (1/1) D:4            Lair (6/6) D:10
  Swamp (2/4) Lair:2       Spider (0/4) Lair:4        Slime (0/5) Lair:6
    Orc (2/2) D:11            Elf (0/3) Orc:2        Vaults (0/5) D:13
 Depths (0/5) D:15

Altars:
Ashenzari
Cheibriados
Dithmenos
Elyvilon
Fedhas
Gozag
Hepliaklqana
Kikubaaqudgha
Makhleb
Nemelex Xobeh
Okawaru
Qazlal
Ru
Sif Muna
Trog
Uskayaw
Vehumet
Wu Jian
Xom
Yredelemnul
Zin
The Shining One
Beogh
Jiyva

Shops:
D:15 !   Orc:1 [[   Orc:2 (:*!

Annotations:
D:5 3 runed translucent doors, Yorgos's ghost, novice FoFi
D:15 3 runed translucent doors, Xoixtav's ghost, adept FoFi


Innate Abilities, Weirdness & Mutations

You cannot wear most types of armour.
You are very stealthy in the water. (Stealth+)
You are amphibious.
You can wear up to eight rings at the same time.
You can use your tentacles to constrict eight enemies at once.
Your skin changes colour to match your surroundings (Stealth+).
Your rubbery body absorbs attacks. (AC +1, EV +1)


Message History

The tentacled monstrosity constricts you!
Unknown command.
Casting: Blade Hands (mildly dangerous; 1% risk of failure)
Confirm with . or Enter, or press ? or * to list all spells.
Your tentacles turn into razor-sharp scythe blades.
The foxfire hits you!! x2
The bloated husk explodes!
The blast of putrescent gases engulfs you!!
* * * LOW HITPOINT WARNING * * *
The blast of putrescent gases engulfs the tentacled monstrosity!!
The blast of putrescent gases engulfs the swamp worm!!!
The swamp worm dies!
The tentacled monstrosity misses you.
The tentacled monstrosity completely misses you.
The tentacled monstrosity misses you.
* * * LOW HITPOINT WARNING * * *
The tentacled monstrosity constricts you!
Okay, then.
You feel much better.
The tentacled monstrosity tentacle-slaps you.
* * * LOW HITPOINT WARNING * * *
The tentacled monstrosity tentacle-slaps you.
* * * LOW HITPOINT WARNING * * *
The tentacled monstrosity tentacle-slaps you!
* * * LOW HITPOINT WARNING * * *
x2 The tentacled monstrosity constricts you!
The will-o-the-wisp gestures.
The will-o-the-wisp conjures some foxfire! 2 foxfires come into view.
Unknown command.
Okay, then.
Okay, then.
Okay, then.
Okay, then.
You feel much better. The tentacled monstrosity misses you.
The tentacled monstrosity completely misses you. x2
* * * LOW HITPOINT WARNING * * *
The tentacled monstrosity constricts you!
The foxfire hits you!!
You die...

.......≈..≈≈.......≈♣
..§.≈......≈≈...≈..♣♣
...≈..≈≈..§.≈≈.....♣♣ ♣
.♣.≈.≈...≈......§≈..♣♣ .♣
.♣..≈..≈.≈≈≈...≈.≈...♣.≈≈
.♣.....≈♣......≈.....≈.≈.≈
♣♣.♣.≈.≈≈§.≈≈♣≈≈≈..≈.♣.♣♣.
≈. ...≈..♣.....≈≈.≈..♣♣
.♣♣♣♣....@v§§§♣§♣
♣♣..≈Xv§§v§..≈
♣♣♣.§≈≈≈§.....
♣..≈≈.≈.≈..≈ ...≈≈≈≈§..≈
≈..≈.≈♣§§≈.. ≈♣≈.§♣...≈≈≈≈
≈....♣≈≈.≈.... ♣.♣..


You could see a tentacled monstrosity and a will-o-the-wisp.

Vanquished Creatures
  Jorgrun (Orc:2)
  Frances (D:12)
  Gastronok (Lair:1)
  Kirke (Lair:4)
  A fire giant (D:15)
  Nessos (Lair:4)
  2 bunyips (Swamp:2)
  2 dire elephants (Lair:6)
  2 eleionomae
  Josephine (Lair:4)
  Harold (D:9)
  A ghost crab (Swamp:2)
  11 hydras
  A merfolk avatar (Lair:6)
  4 ogre magi (Orc:2)
  4 centaur warriors
  A boulder beetle (Lair:3)
  16 two-headed ogres
  2 dancing weapons
  3 alligators
  3 death yaks (Lair:6)
  A tengu warrior (D:13)
  5 orc high priests
  Sonja (D:13)
  A sea snake (Lair:6)
  4 skeletal warriors (D:12)
  2 goliath frogs (Swamp:2)
  A swamp dragon (Swamp:1)
  4 bog bodies
  A wizard (D:14)
  5 unseen horrors
  A wolf spider zombie (D:15)
  2 orc knights
  A deep elf pyromancer (D:12)
  An orc sorcerer (Orc:1)
  A will-o-the-wisp (Swamp:2)
  3 manticores
  An elephant (Lair:6)
  4 ugly things
  2 cyclopes
  4 black mambas
  A black mamba (shapeshifter) (D:15)
  A torpor snail (Lair:4)
  6 gargoyles
  18 cane toads
  A redback zombie (D:14)
  2 kobold demonologists (D:12)
  7 rime drakes
  11 komodo dragons
  A tengu conjurer (D:13)
  A wind drake (Lair:6)
  6 polar bears
  16 blink frogs
  10 trolls
  4 hornets
  5 tyrant leeches
  11 dream sheep (Lair:4)
  A meliai zombie (D:10)
  8 slime creatures (D:13)
  Sigmund (D:6)
  3 redbacks (Lair:4)
  A spriggan (Swamp:2)
  9 wraiths
  A shadow (D:15)
  47 yaks
  2 basilisks
  7 wyverns
  3 hogs
  A human (shapeshifter) (D:13)
  2 steam dragons
  10 vampire mosquitoes
  Edmund (D:6)
  The ghost of Borgoz the Cudgeller, an amateur GrGl (D:3)
  A soldier ant (D:14)
  2 acid dragons
  8 swamp worms
  17 water moccasins
  Duvessa (D:4)
  6 sky beasts
  3 black bears
  26 orc warriors
  6 ice beasts
  A swamp drake (Swamp:1)
  35 ogres
  2 eyes of draining
  6 wolves (Lair:5)
  7 centaurs
  5 phantoms
  27 bullfrogs
  4 kobold brigands
  A gnoll sergeant (D:6)
  Dowan (D:4)
  8 scorpions
  9 killer bees
  10 wights
  8 electric eels
  A howler monkey (D:8)
  2 bullfrog zombies
  2 quasits (D:11)
  6 centaur zombies
  4 jellies
  23 orc priests
  Crazy Yiuf (D:6)
  7 hounds
  2 bullfrog skeletons
  3 iguanas
  Ijyb (D:3)
  7 centaur skeletons
  20 orc wizards
  5 hell rats
  9 worker ants
  A hound skeleton (D:10)
  2 human simulacra (D:13)
  A worker ant zombie (D:5)
  7 gnolls
  A howler monkey skeleton (D:5)
  13 adders
  A shadow imp (D:5)
  2 white imps
  3 ufetubi
  A worm (D:3)
  3 dart slugs
  9 leopard geckos
  93 orcs
  7 bats
  7 giant cockroaches
  8 goblins
  4 hobgoblins
  13 jackals
  29 kobolds
  7 quokkas
  4 ball pythons
  3 frilled lizards
  6 rats
816 creatures vanquished.

Vanquished Creatures (others)
  A bloated husk (Swamp:2)
  2 slime creatures (D:13)
  A swamp worm (Swamp:2)
  A killer bee (D:11)
  A gnoll (D:11)
  A leopard gecko (D:11)
  6 foxfires (Swamp:2)
  38 fungi
  102 plants
153 creatures vanquished.

Grand Total: 969 creatures vanquished

Notes
Turn   | Place    | Note
-------+----------+-------------------------------------------
     0 | D:1      | paulo the Octopode Transmuter began the quest for the Orb.
     0 | D:1      | Reached XP level 1. HP: 13/13 MP: 3/3
   817 | D:1      | Reached XP level 2. HP: 16/18 MP: 5/5
   950 | D:1      | Learned a level 2 spell: Wereblood
  1745 | D:2      | Reached XP level 3. HP: 16/23 MP: 6/6
  2353 | D:3      | Reached XP level 4. HP: 23/29 MP: 5/7
  2371 | D:3      | Learned a level 3 spell: Spider Form
  2609 | D:3      | Found a basalt altar of Yredelemnul.
  2655 | D:3      | Found a runed translucent gate.
  2655 | D:3      | Identified the +2 ring mail "Tunuskef" {rElec Will- Regen+}
  2656 | D:3      | Found a runed translucent gate.
  2656 | D:3      | Noticed Borgoz's ghost (amateur GrGl)
  2657 | D:3      | Found a runed translucent gate.
  2657 | D:3      | Found a roughly hewn altar of Beogh.
  2659 | D:3      | Found an ornate altar of the Wu Jian Council.
  2772 | D:3      | Became a worshipper of the Wu Jian Council
  2831 | D:3      | Reached XP level 5. HP: 31/35 MP: 5/8
  2836 | D:3      | Noticed Ijyb
  2859 | D:3      | Killed Ijyb
  2860 | D:3      | Reached skill level 4 in Unarmed Combat
  3190 | D:4      | Reached XP level 6. HP: 41/41 MP: 5/9
  3238 | D:4      | Found a stormy altar of Qazlal.
  3241 | D:4      | Noticed a water elemental
  3241 | D:4      | Noticed an air elemental
  3241 | D:4      | Noticed a fire elemental
  3911 | D:4      | Found a glowing silver altar of Zin.
  4024 | D:4      | Found a staircase to the Ecumenical Temple.
  4291 | D:5      | Entered Level 5 of the Dungeon
  4295 | D:5      | Noticed Dowan
  4296 | D:5      | Noticed Duvessa
  4299 | D:5      | Reached * piety under Wu Jian
  4346 | D:4      | Killed Duvessa
  4347 | D:4      | Reached skill level 5 in Transmutations
  4347 | D:4      | Reached XP level 7. HP: 27/46 MP: 7/10
  4356 | D:4      | Killed Dowan
  4554 | D:4      | Learned a level 4 spell: Ice Form
  4807 | D:5      | Found a runed translucent gate.
  4807 | D:5      | Found a runed translucent gate.
  4807 | D:5      | Found a runed translucent gate.
  4821 | D:5      | Reached skill level 5 in Unarmed Combat
  4867 | D:5      | Found a burning altar of Makhleb.
  4868 | D:5      | Found a sparkling altar of Nemelex Xobeh.
  4868 | D:5      | Found a bloodstained altar of Trog.
  4870 | D:5      | Found a glowing golden altar of the Shining One.
  4964 | D:5      | Found a broken altar of Ashenzari.
  5432 | D:5      | Reached XP level 8. HP: 25/54 MP: 8/11
  5912 | D:5      | Noticed Yorgos's ghost (novice FoFi)
  6128 | D:6      | Reached ** piety under Wu Jian
  6299 | D:6      | Reached skill level 5 in Fighting
  6444 | D:6      | Noticed Edmund
  6466 | D:6      | Killed Edmund
  6467 | D:6      | Reached skill level 6 in Unarmed Combat
  6681 | D:6      | Noticed Sigmund
  6687 | D:6      | Killed Sigmund
  6774 | D:6      | Reached XP level 9. HP: 48/61 MP: 12/12
  7130 | D:6      | Found a runed translucent door.
  7131 | D:6      | Noticed Crazy Yiuf
  7278 | D:6      | Killed Crazy Yiuf
  7682 | D:7      | Got a brightly glowing platinum ring
  7726 | D:7      | Found an iron altar of Okawaru.
  8193 | D:7      | Reached skill level 7 in Unarmed Combat
  9080 | D:8      | Reached XP level 10. HP: 69/69 MP: 10/13
  9121 | D:8      | Reached skill level 10 in Transmutations
  9146 | D:8      | Reached *** piety under Wu Jian
  9735 | D:8      | Identified the ring "Moibbazi" {rPois AC+4} (You found it
                  | on level 7 of the Dungeon)
  9746 | D:8      | Learned a level 5 spell: Blade Hands
 10172 | D:9      | Reached skill level 8 in Unarmed Combat
 10295 | D:9      | Noticed Harold
 10305 | D:9      | Killed Harold
 10918 | D:10     | Entered Level 10 of the Dungeon
 11078 | D:10     | Noticed a gargoyle
 11403 | D:10     | Found a staircase to the Lair.
 11470 | D:10     | Reached **** piety under Wu Jian
 11471 | D:10     | Reached XP level 11. HP: 77/77 MP: 9/14
 11482 | D:10     | Reached skill level 9 in Unarmed Combat
 12266 | Lair:1   | Entered Level 1 of the Lair of Beasts
 12357 | Lair:1   | Noticed a six-headed hydra
 12608 | D:10     | Killed a six-headed hydra
 12871 | D:10     | Reached skill level 10 in Unarmed Combat
 14216 | Lair:2   | Noticed a five-headed hydra
 14229 | Lair:2   | Killed a five-headed hydra
 14230 | Lair:2   | Reached skill level 5 in Dodging
 14230 | Lair:2   | Reached XP level 12. HP: 82/85 MP: 11/15
 14258 | Lair:2   | Noticed Gastronok
 14279 | Lair:1   | Killed Gastronok
 14280 | Lair:1   | Reached skill level 11 in Unarmed Combat
 14971 | Lair:2   | Reached ***** piety under Wu Jian
 15186 | Lair:2   | Found a staircase to the Swamp.
 15848 | Lair:3   | Found an opulent altar of Gozag.
 15948 | Lair:3   | Reached skill level 10 in Fighting
 16301 | Lair:3   | Noticed a six-headed hydra
 16315 | Lair:2   | Killed a six-headed hydra
 16410 | Lair:3   | Noticed a boulder beetle
 16417 | Lair:3   | Killed a boulder beetle
 16418 | Lair:3   | Reached skill level 12 in Unarmed Combat
 16691 | Lair:3   | Noticed a six-headed hydra
 16777 | Lair:3   | Killed a six-headed hydra
 16778 | Lair:3   | Reached XP level 13. HP: 57/93 MP: 12/16
 17671 | Lair:4   | Noticed Nessos
 17679 | Lair:4   | Killed Nessos
 18021 | Lair:4   | Noticed Josephine
 18030 | Lair:4   | Killed Josephine
 18031 | Lair:4   | Reached skill level 13 in Unarmed Combat
 18238 | Lair:4   | Found a hole to the Spider Nest.
 19221 | Lair:4   | Noticed Kirke
 19773 | Lair:4   | Noticed a sphinx
 19777 | Lair:4   | Killed Kirke
 21083 | Lair:5   | Reached XP level 14. HP: 101/101 MP: 12/17
 21283 | Lair:6   | Entered Level 6 of the Lair of Beasts
 21776 | Lair:6   | Noticed a dire elephant
 21786 | Lair:6   | Killed a dire elephant
 21787 | Lair:6   | Reached skill level 14 in Unarmed Combat
 21834 | Lair:6   | Noticed a dire elephant
 22070 | Lair:6   | Reached ****** piety under Wu Jian
 22957 | Lair:6   | Found a viscous altar of Jiyva.
 22957 | Lair:6   | Found a staircase to the Slime Pits.
 23402 | Lair:6   | HP: 1/102 [dire elephant (34)]
 23896 | Lair:6   | Killed a dire elephant
 24906 | D:3      | Killed Borgoz's ghost
 25154 | D:11     | Found a staircase to the Orcish Mines.
 26913 | D:11     | Found a roughly hewn altar of Beogh.
 28148 | D:12     | Reached skill level 15 in Unarmed Combat
 28234 | D:12     | Noticed Frances
 28257 | D:12     | Killed Frances
 28258 | D:12     | Reached XP level 15. HP: 108/108 MP: 13/18
 29404 | D:13     | Found a gate to the Vaults.
 29438 | D:12     | Reached skill level 10 in Dodging
 30458 | Orc:1    | Entered Level 1 of the Orcish Mines
 30584 | Orc:1    | Found Nyicvi's Antique Armour Shop.
 30751 | Orc:2    | Entered Level 2 of the Orcish Mines
 30850 | Orc:2    | Found a roughly hewn altar of Beogh.
 30886 | Orc:2    | Found a staircase to the Elven Halls.
 30890 | Orc:2    | Noticed Jorgrun
 30909 | Orc:2    | Killed Jorgrun
 31354 | Orc:2    | Paralysed by something for 7 turns
 31914 | Orc:2    | Learned a level 2 spell: Blink
 32006 | Orc:2    | Reached skill level 16 in Unarmed Combat
 32595 | Orc:2    | Found Kukiq's Weapon Shop.
 32595 | Orc:2    | Found Nisory's Book Shoppe.
 32596 | Orc:2    | Found Vescheoc's General Store.
 32596 | Orc:2    | Found Juitic's Distillery.
 32605 | Orc:2    | Bought a potion of haste for 130 gold pieces
 32605 | Orc:2    | Bought a potion of haste for 130 gold pieces
 32605 | Orc:2    | Bought a potion of heal wounds for 65 gold pieces
 32605 | Orc:2    | Bought a potion of curing for 39 gold pieces
 32768 | Orc:2    | Found a roughly hewn altar of Beogh.
 33361 | Orc:1    | Found Peacwich's Armour Emporium.
 33465 | Orc:1    | You fall into a shaft and drop 1 floor!
 34185 | Orc:1    | Reached XP level 16. HP: 71/117 MP: 9/19
 34196 | Orc:1    | Reached skill level 15 in Transmutations
 34488 | Orc:1    | Found a roughly hewn altar of Beogh.
 35643 | D:13     | Noticed Sonja
 35649 | D:13     | Killed Sonja
 37374 | D:15     | Entered Level 15 of the Dungeon
 37694 | D:15     | Found Oserch's Distillery.
 37697 | D:15     | Bought a potion of curing for 36 gold pieces
 37697 | D:15     | Bought a potion of curing for 36 gold pieces
 37697 | D:15     | Bought a potion of curing for 36 gold pieces
 37697 | D:15     | Bought a potion of curing for 36 gold pieces
 37923 | D:15     | Found a staircase to the Depths.
 38529 | D:15     | Reached skill level 17 in Unarmed Combat
 39229 | D:15     | Found a runed translucent gate.
 39229 | D:15     | Found a runed translucent gate.
 39233 | D:15     | Found a runed translucent gate.
 39234 | D:15     | Noticed Xoixtav's ghost (adept FoFi)
 39236 | D:15     | Found an iron altar of Okawaru.
 39690 | Temple   | Entered the Ecumenical Temple
 40361 | Swamp:1  | Entered Level 1 of the Swamp
 43478 | Swamp:2  | Noticed a tentacled monstrosity
 43487 | Swamp:2  | Killed from afar by a will-o-the-wisp

Illustrated notes

Levels and vault maps discovered:
D:1:      enne_arrival_octagon_isle, layout_loops_cross
D:2:      layout_loops_cross
D:3:      kennysheep_the_goblin_king, layout_basic, general_overflow_altar,
          overflow_temple_1_default, biasface_ghost_orc_armoury,
          hex_intersection
D:4:      layout_basic, kennysheep_mini_moat, nicolae_qazlal_style_of_elements,
          minmay_temple_entry_statues_fountains, kennysheep_generic_room_2
D:5:      layout_basic, grunt_temple_overflow_open, evilmike_ruin_ashenzari,
          gammafunk_ghost_split, kennysheep_decorative_pillar, uniq_duvessa
D:6:      layout_loops_ring, nicolae_ossuary_entry_false_entrances,
          uniq_sigmund, uniq_crazy_yiuf_cottage, uniq_edmund
D:7:      layout_cave_pods, okawaru_metal_pillars_3
D:8:      layout_basic, nzn_random_ring
D:9:      layout_loops_ring, uniq_harold
D:10:     layout_basic, lair_entry_dummy
D:11:     minmay_clustersquares, layout_basic, orc_0_dummy, special_room
          [special_room_orc]
D:12:     layout_loops_ring, uniq_frances
D:13:     layout_basic, erik_vaults_1, gauntlet_entry_generic,
          bh_circular_ruins, uniq_sonja
D:14:     layout_irregular_city, minmay_misc_feat_iff
D:15:     grunt_enter_depths_giant_problem, layout_loops_ring,
          gammafunk_ghost_fury_of_okawaru, corexii_corridor_pit, serial_shops,
          nicolae_shop_behind_doors, roderic_lattice_a, due_unseen_surprise
Temple:   minmay_temple_forest_path
Lair:1:   layout_long_grid
Lair:2:   layout_gridlike, skrybe_swamp_entry_bodies, uniq_gastronok
Lair:3:   nzn_winding_woodlands_small
          [nzn_winding_woodlands_5x15_river_crossing,
          nzn_winding_woodlands_center_garden,
          nzn_winding_woodlands_5x15_default], layout_long_grid, basic_altar
Lair:4:   layout_gridlike, spider_nest_entry_a, columned_hall_lemuel,
          st_stairs_4, uniq_josephine, uniq_nessos, uniq_kirke
Lair:5:   layout_cave_shapes, lemuel_fruit_fields
Lair:6:   gammafunk_lair_ancient_temple, layout_hall_layers, slime_altar_1,
          hangedman_lair_unloving_vines, grunt_forest_small_clearings,
          serial_bayou_shore_a
Swamp:1:  layout_basic_swamp, serial_swamp_ruin, evilmike_swamp_ruin_house_5,
          evilmike_swamp_ruin_house_1
Swamp:2:  layout_falls_marsh, hangedman_swamp_lotus
Orc:1:    layout_diamond_mine, serial_shops, shop_statue, shop,
          minmay_orc_temple_c
Orc:2:    st_orc_ogre_mass, layout_caves, basic_altar, mines1_david,
          uniq_jorgrun

Skill      XL: |  1  2  3  4  5  6  7  8  9 10 11 12 13 14 15 16 |
---------------+-------------------------------------------------+-----
Transmutations | 3 4 5 6 8 9 11 12 13 14 15 | 15.0
Fighting       | 2 3 4 5 6 8 9 10 11 12 13 | 13.8
Unarmed Combat | 4 5 6 7 8 10 12 13 15 16 17 | 17.5
Dodging        | 5 6 8 9 10 11 | 11.9
Spellcasting   | |  2.0

Action                   |  1- 3 |  4- 6 |  7- 9 | 10-12 | 13-15 | 16-18 || total
-------------------------+-------+-------+-------+-------+-------+-------++-------
Melee: Unarmed           |    89 |   135 |   331 |   380 |   893 |   331 ||  2159
       Constrict         |    25 |    27 |    22 |    58 |   120 |    39 ||   291
       Tentacles         |    14 |    21 |    20 |    74 |   196 |    82 ||   407
       Punch             |     1 |     2 |     4 |    24 |    99 |    55 ||   185
       Kick              |     5 |    10 |       |       |       |       ||    15
 Cast: Beastly Appendage |     8 |     4 |     1 |     2 |       |       ||    15
       Wereblood         |     1 |     1 |    10 |     2 |    34 |     6 ||    54
       Spider Form       |       |     6 |    33 |     5 |       |       ||    44
       Blade Hands       |       |       |       |    53 |   129 |    63 ||   245
       Ice Form          |       |       |       |     6 |     6 |     5 ||    17
Invok: Lunge             |       |     9 |    11 |    25 |    65 |    30 ||   140
       Whirlwind         |       |       |     7 |     6 |    43 |     8 ||    64
       Serpent's Lash    |       |       |       |       |     3 |       ||     3
       Heavenly Storm    |       |       |       |       |     1 |       ||     1
Evoke: Wand              |       |       |       |       |     1 |       ||     1
  Use: Scroll            |       |       |     4 |    11 |    10 |     2 ||    27
       Potion            |       |       |     2 |     1 |     3 |     2 ||     8
 Stab: Sleeping          |     4 |     3 |     1 |     2 |     3 |     4 ||    17
       Distracted        |       |       |     2 |     3 |     3 |       ||     8
Armor: Skin              |     4 |     5 |     9 |    59 |    62 |    31 ||   170
Dodge: Dodged            |    46 |    84 |   270 |   305 |   638 |   323 ||  1666
Block: Other             |       |       |       |    11 |   135 |    54 ||   200
       Reflection        |       |       |       |       |     5 |     3 ||     8

Table legend: (Time is in decaauts)
 A = Elapsed time spent in this place.
 B = Non-inter-level travel time spent in this place.
 C = Inter-level travel time spent in this place.
 D = Time resting spent in this place.
 E = Time spent auto-exploring this place.
 F = Levels seen in this place.
 G = Mean time per level.
                   A        B        C        D        E       F      G
               +--------+--------+--------+--------+--------+-----+--------+
         Total |  43230 |  41226 |   2004 |  16129 |  19504 |  26 | 1662.7 |
       Dungeon |  23792 |  22345 |   1447 |   7634 |  11558 |  15 | 1586.1 |
        Temple |    464 |    424 |     40 |      0 |    423 |   1 |  464.0 |
          Lair |  11616 |  11362 |    254 |   5247 |   4636 |   6 | 1936.0 |
         Swamp |   3098 |   3061 |     37 |   1546 |   1283 |   2 | 1549.0 |
  Orcish Mines |   4258 |   4033 |    225 |   1702 |   1604 |   2 | 2129.0 |
               +--------+--------+--------+--------+--------+-----+--------+

Top non-repeatable levels by time:
    D:10: 2787 daAuts
   Orc:1: 2766 daAuts
    D:11: 2555 daAuts
  Lair:3: 2392 daAuts
  Lair:6: 2282 daAuts
  Lair:4: 2143 daAuts
    D:15: 2038 daAuts
  Lair:2: 1885 daAuts
    D:12: 1811 daAuts
    D:13: 1699 daAuts
  Lair:5: 1647 daAuts
 Swamp:2: 1616 daAuts
     D:6: 1578 daAuts
     D:4: 1548 daAuts
   Orc:2: 1492 daAuts
